Map: 16-Bit LE

Players

Thatguy

  • Race: Zerg Zerg
  • League: Platinum
  • Spawn Location: 7:00

Nordy - Winner!

  • Race: Protoss Protoss
  • League: Diamond
  • Spawn Location: 1:00

VOD

Have the link to the VOD?

Description

Time

  • Played on: July 16, 2018, 8:45 a.m.
  • Length: 8:12
Show
View Real Time Build Order
Export as new Build Order

Thatguy Zerg 

Build Orders: Hatch First, Zergling Baneling 

Get SALT Encoding   

  12  0:01  Drone  
  13  0:14  Overlord  
  13  0:19  Drone  
  14  0:33  Drone x2  
  16  0:37  Drone  
  17  0:57  Hatchery  
  17  0:59  Drone  
  17  1:05  Drone  
  18  1:15  Extractor  
  17  1:19  Spawning Pool  
  16  1:39  Drone x3  
  19  1:57  Overlord  
  19  2:06  Queen  
  19  2:07  Zergling x2  
  22  2:12  Queen  
  22  2:13  Zergling x2  
  22  2:14  Zergling x2  
  26  2:21  Zergling x2  
  27  2:25  Zergling x2  
  28  2:31  Metabolic Boost  
  28  2:35  Zergling x4  
  30  2:45  Zergling x4  
  30  2:49  Spore Crawler  
  31  2:57  Zergling x4  
  33  3:04  Overlord  
  33  3:12  Zergling x2  
  34  3:15  Drone  
  34  3:16  Baneling Nest  
  34  3:31  Zergling x6  
  34  3:32  Zergling x6  
  40  3:45  Drone x2  
  42  4:08  Drone x2  
  44  4:10  Overlord x3  
  44  4:14  Spore Crawler  
  44  4:16  Baneling x4  
  44  4:17  Baneling  
  43  4:18  Baneling  
  43  4:24  Drone  
  41  4:42  Baneling x2  
  41  4:43  Baneling x4  
  41  4:44  Zergling x2  
  41  4:45  Zergling x8  
  46  4:55  Drone x4  
  42  5:16  Drone  
  42  5:17  Drone  
  44  5:28  Lair  
  44  5:30  Drone  
  44  5:31  Extractor, Drone  
  44  5:33  Hatchery, Drone  
  44  5:35  Drone  
  46  5:38  Drone  
  46  5:42  Drone  
  48  5:43  Drone  
  48  5:44  Drone  
  50  5:50  Drone  
  50  5:51  Drone x2  
  53  6:00  Drone x2  
  55  6:09  Drone  
  56  6:11  Extractor  
  55  6:21  Drone x2  
  55  6:22  Drone  
  58  6:26  Extractor, Drone  
  58  6:27  Drone x2  
  58  6:30  Overlord x4  
  60  6:39  Zergling x2  
  59  6:44  Zergling x2  
  60  6:49  Zergling x4  
  60  6:53  Zergling x2  
  60  6:54  Zergling x6  
  66  6:57  Zergling x2  
  66  6:58  Zergling x6  
  70  7:02  Zergling x2  
  71  7:11  Zergling x2  
  71  7:12  Zergling x4  
  60  7:25  Zergling x12  
  60  7:26  Zergling x4  
  59  7:36  Zergling x2  
  49  7:37  Zergling x4  
  39  7:47  Zergling x2  
  39  7:48  Zergling x4  
Show
View Real Time Build Order
Export as new Build Order

Nordy Protoss - Winner!

Build Orders: 1 Gate Expand 

Get SALT Encoding   

  12  0:01  Probe  
  13  0:13  Probe  
  14  0:18  Pylon  
  14  0:25  Probe  
  15  0:35  Probe  
  15  0:40  Gateway  
  16  0:43  Probe  
  16  0:49  Assimilator  
  17  0:51  Probe  
  18  1:03  Probe  
  19  1:15  Probe  
  20  1:29  Nexus  
  20  1:40  Cybernetics Core  
  20  1:45  Assimilator  
  20  1:48  Probe  
  21  1:55  Pylon  
  21  2:00  Probe  
  22  2:07  Adept  
  22  2:12  Probe  
  23  2:15  Warp Gate  
  23  2:22  Twilight Council  
  25  2:27  Probe  
  26  2:37  Probe  
  26  2:41  Probe, Adept  
  28  2:46  Probe  
  28  2:49  Probe  
  30  2:54  Probe  
  32  2:59  Probe  
  32  3:01  Resonating Glaives  
  33  3:09  Gateway  
  33  3:13  Probe  
  33  3:14  Probe  
  35  3:28  Probe x2  
  37  3:34  Sentry  
  37  3:35  Shield Battery  
  37  3:37  Shield Battery  
  37  3:44  Gateway  
  37  3:46  Gateway  
  37  3:52  Probe  
  37  3:53  Probe  
  39  4:08  Probe  
  39  4:09  Probe  
  41  4:13  Pylon  
  41  4:18  Adept  
  41  4:20  Probe  
  41  4:21  Probe  
  45  4:28  Pylon  
  45  4:29  Assimilator  
  45  4:33  Assimilator  
  45  4:34  Gateway  
  45  4:40  Adept x2  
  49  4:46  Pylon  
  49  4:50  Adept x2  
  49  4:51  Probe x2  
  55  5:05  Pylon  
  51  5:14  Adept x3  
  51  5:15  Adept  
  51  5:18  Cybernetics Core  
  59  5:29  Probe x2  
  61  5:39  Pylon  
  61  5:41  Pylon  
  61  5:45  Pylon  
  61  5:58  Sentry  
  61  5:59  Adept x3  
  69  6:13  Probe  
  69  6:14  Probe  
  71  6:21  Adept x3  
  71  6:22  Adept  
  79  6:29  Gateway  
  79  6:30  Gateway  
  79  6:32  Gateway  
  79  6:47  Stalker  
  79  6:48  Stalker x2  
  85  6:58  Pylon  
  85  6:59  Pylon  
  85  7:01  Pylon  
  85  7:02  Pylon  
  85  7:09  Pylon  
  73  7:35  Adept  
  73  7:36  Adept x4  
  75  8:02  Adept x2  
  75  8:03  Adept x3  
Tags
 
Add a new tag
Caveats
  • Supply blocks, unpowered buildings, or Contaminate may cause inaccurate times.
  • Supply counts are checked every 10 seconds.